cohdb
Replays
Latest Replays
All Replays
Popular Replays
Top Player Replays
Match Explorer
How It Works
Community
CoH3 Stats
Reddit
Sign in to upload your games and track your stats! →
Sign in with Steam
Match 41766804
Unlisted
Match 41766804
Overview
Messages
Build Orders
End
Kradschützen Motorcycle Team
Panzergrenadier Squad
Selects Panzerjäger Kommand Battlegroup
Panzergrenadier Squad
Construct Light Support Kompanie
MG34 Team
Selects Mine Fields
250 Light Carrier
Combat Half-tracks
Construct Mechanized Kompanie
Selects Defensive Positions
8 Rad Armored Car
Support Armor Elements
Assault Mechanized Group
Selects Butterfly Bomb Drop
Butterfly Bomb Drop
Flakvierling Half-track
Veteran Squad Leaders
2.5-tonne Medical Truck
Butterfly Bomb Drop
Selects Tank Busters
Construct Panzerarmee Kommand
Selects Crew Shock Tactics
Walking Stuka Rocket Launcher
Butterfly Bomb Drop
Panzer III L Medium Tank
Tungsten Core Ammunition
18-tonne Recovery Half-track
Panzer III L Medium Tank
Butterfly Bomb Drop
ZukHar
camkool
番茄
DibbeTC
Kraiter
rory
0
0
Comments
sign in to comment!
No comments posted yet!